 Dungeon Crawl Stone Soup version 0.30.0-16-gbe6223bb7e (webtiles) character file.

Game seed: 767785618352314428

62 Twinkles the Cutter (level 3, -2/27 HPs)
             Began as a Vampire Warper on May 21, 2023.
             Killed from afar by Natasha (4 damage)
             ... with a magic dart
             ... on level 2 of the Dungeon.
             The game lasted 00:04:13 (1359 turns).

Twinkles the Cutter (Vampire Warper)                Turns: 1359, Time: 00:04:14

Health: -2/27      AC:  4    Str:  9    XL:     3   Next: 85%
Magic:  6/6        EV: 12    Int: 14    God:
Gold:   56         SH:  0    Dex: 19    Spells: 2/6 levels left

rFire   . . .        a - +0 short sword
rCold   . . .        (no shield)
rNeg    . . .        b - +0 leather armour
rPois   .            (no helmet)
rElec   .            (no cloak)
rCorr   .            (no gloves)
SInv    +            f - +0 pair of boots
Will    .....        (no amulet)
Stlth   +            (no ring)
HPRegen 0.44/turn    (no ring)
MPRegen 0.10/turn

%: no passive effects
@: healing quickly, slowed, unable to drink, very slow
A: alive, fangs 3, see invisible, vampiric 2, agile 1, inability to drink after
injury 1, MP-powered wands
a: Exsanguinate


You were on level 2 of the Dungeon.
You visited 1 branch of the dungeon, and saw 2 of its levels.

You collected 56 gold pieces.

Inventory:

Hand Weapons
 a - a +0 short sword (weapon)
Missiles
 d - 7 boomerangs of dispersal (quivered)
Armour
 b - a +0 leather armour (worn)
 f - a +0 pair of boots (worn)
Scrolls
 c - a scroll of butterflies {unknown}
 e - 3 scrolls of identify {unknown}
 D - a scroll of blinking


   Skills:
 + Level 2.2 Fighting
 + Level 2.7 Short Blades
 + Level 1.3 Throwing
 + Level 1.2 Armour
 + Level 2.5 Dodging
 + Level 2.3 Spellcasting
 + Level 2.6 Translocations


You had 2 spell levels left.
You knew the following spells:

 Your Spells              Type           Power      Damage    Failure   Level
a - Blink                 Tloc           18%        N/A       16%         2
b - Lesser Beckoning      Tloc           18%        N/A       16%         2

Your spell library contained the following spells:

 Spells                   Type           Power      Damage    Failure   Level
 Teleport Other           Tloc           9%         N/A       32%         3
 Vhi's Electric Charge    Tloc/Air       10%        N/A       50%         3
 Manifold Assault         Tloc           9%         N/A       71%         4


Dungeon Overview and Level Annotations

Branches:
Dungeon (2/15) Zot: 10659

Altars:
Kikubaaqudgha

Shops:
D:1 [[==[

Annotations:
D:2 Natasha, Sigmund


Innate Abilities, Weirdness & Mutations

Your natural rate of healing is accelerated.
You have razor-sharp teeth.
You have supernaturally acute eyesight. (SInv)
You are afflicted with vampirism and can become a bat while bloodless.
You are agile. (Dex +4, Str/Int -1)
You occasionally lose the ability to drink potions when taking damage.
You expend magic power (3 MP) to strengthen your wands.


Message History

You barely miss Natasha.
Natasha is heavily wounded.
The cerulean imp hits you with a +2 spear.
Natasha claws you!
* * * LOW HITPOINT WARNING * * *
You hit Natasha but do no damage.
Natasha is heavily wounded.
The cerulean imp barely misses you.
The cerulean imp hits you with a +2 spear.
* * * LOW HITPOINT WARNING * * *
Natasha barely misses you.
It was a potion of mutation.
You feel extremely strange.
You feel your magical essence link to the dungeon's wands.
You feel agile.
You occasionally lose the ability to drink potions when taking damage.
The cerulean imp barely misses you.
The cerulean imp hits you with a +2 spear.
* * * LOW HITPOINT WARNING * * *
Natasha casts a spell at you.
You feel yourself slow down.
Okay, then.
Unknown command.
You hit Natasha.
Natasha is severely wounded.
The cerulean imp hits you but does no damage. x2
Natasha claws you but does no damage.
You closely miss Natasha.
Natasha is severely wounded.
The cerulean imp hits you from afar with a +0 spear.
* * * LOW HITPOINT WARNING * * *
The cerulean imp hits you with a +2 spear.
* * * LOW HITPOINT WARNING * * *
Natasha closely misses you. The cerulean imp barely misses you.
The cerulean imp hits you but does no damage.
You closely miss Natasha.
Natasha is heavily wounded.
Natasha stares at you and mumbles some strange words.
The magic dart hits you.
You feel threatened and lose the ability to drink potions!
You die...

######+####
#.........#
#.........#
#.........# ##
##.........#
#.#########..........#
##P...#....###.....[.#
.P.P..#..PP...#.5....#
P..P..#.......##@.)..#
......#.PP....Ph#+####
.P...._.PP.P.PP5#)#
P.P...#.P.......#5#
P..P..#.....P.##h.#
..gP..#..P...P#..##
##....#....###h..#
#.#########......# ..
......#


You could see Natasha and 2 cerulean imps.

Vanquished Creatures
  2 adders (D:2)
  2 worms (D:2)
  A dart slug (D:1)
  A ball python (D:2)
  5 bats
  2 endoplasms
  4 goblins
  3 hobgoblins (D:1)
  5 kobolds (D:1)
  3 quokkas
  5 rats
33 creatures vanquished.

Notes
Turn   | Place    | Note
-------+----------+-------------------------------------------
     0 | D:1      | Twinkles the Vampire Warper began the quest for the Orb.
     0 | D:1      | Reached XP level 1. HP: 16/16 MP: 3/3
    53 | D:1      | Found Viticzajayr's Armour Boutique.
   150 | D:1      | Found Yfitrih's Antique Armour Boutique.
   262 | D:1      | Reached XP level 2. HP: 21/22 MP: 5/5
   263 | D:1      | Reached skill level 1 in Throwing
   309 | D:1      | Found Hekus's Antique Armour Shoppe.
   311 | D:1      | Reached skill level 1 in Armour
   454 | D:1      | Found Ojoymoed's Jewellery Shoppe.
   686 | D:1      | Found Talelix's Jewellery Shoppe.
   842 | D:2      | Gained mutation: You are afflicted with vampirism and can
                  | become a bat while bloodless. [Vampire growth]
   842 | D:2      | Reached XP level 3. HP: 24/27 MP: 6/6
   910 | D:2      | Noticed Sigmund
   927 | D:1      | Learned a level 2 spell: Blink
   930 | D:1      | Learned a level 2 spell: Lesser Beckoning
  1164 | D:2      | Found an ancient bone altar of Kikubaaqudgha.
  1288 | D:2      | Found a faded altar of an unknown god.
  1291 | D:2      | Noticed Natasha
  1354 | D:2      | HP: 7/27 [Natasha (7)]
  1356 | D:2      | Gained mutation: You expend magic power (3 MP) to
                  | strengthen your wands. [potion of mutation]
  1356 | D:2      | Gained mutation: You are agile. (Dex +4, Str/Int -1)
                  | [potion of mutation]
  1356 | D:2      | Gained mutation: You occasionally lose the ability to drink
                  | potions when taking damage. [potion of mutation]
  1356 | D:2      | HP: 3/27 [cerulean imp/+2 spear[Natasha] (3)]
  1359 | D:2      | Killed from afar by Natasha

Illustrated notes

Levels and vault maps discovered:
D:1:      ncdulo_watergridlock, layout_basic, serial_shops, shop,
          nicolae_shop_back_alley_shop, shop, shop, shop
D:2:      layout_basic, shapermc_ecumenical_altar_gd, basic_altar, uniq_natasha,
          uniq_sigmund

Skill      XL: |  1  2 |
---------------+-------+-----
Fighting       | 2 |  2.2
Throwing       | 1 |  1.3
Armour         | 1 |  1.2
Short Blades   | |  2.7
Dodging        | |  2.5
Spellcasting   | |  2.3
Translocations | |  2.6

Action                     || total
---------------------------++-------
  Melee: Short sword       ||   176
         Bite              ||    23
         Punch             ||     1
    Use: Potion            ||     1
 Armour: Leather armour    ||    53
  Dodge: Dodged            ||   121
